 Dungeon Crawl Stone Soup version 0.31-a0-152-g6aa68a64a1 (webtiles) character file.

Game seed: 8062370677737763669

61 qw the Shooter (level 3, -3/31 HPs)
             Began as a Minotaur Hunter on June 10, 2023.
             Slain by an orc
             ... wielding a +2 hand axe of freezing
              (5 damage)
             ... on level 3 of the Dungeon.
             The game lasted 00:00:27 (1143 turns).

qw the Shooter (Minotaur Hunter)                    Turns: 1143, Time: 00:00:28

Health: -3/31      AC:  6    Str: 15    XL:     3   Next: 83%
Magic:  2/2        EV: 11    Int:  6    God:
Gold:   123        SH:  0    Dex: 15    Spells: 2/2 levels left

rFire   . . .        Y - +0 shortbow
rCold   . . .        (shield currently unavailable)
rNeg    . . .        b - +0 ring mail
rPois   .            (helmet restricted)
rElec   .            (no cloak)
rCorr   .            d - +0 pair of gloves {hurl}
SInv    .            (no boots)
Will    .....        (no amulet)
Stlth   +            (no ring)
HPRegen 0.25/turn    (no ring)
MPRegen 0.08/turn

%: no passive effects
@: about to teleport
A: horns 2, retaliatory headbutt
a: no special abilities


You were on level 3 of the Dungeon.
You visited 1 branch of the dungeon, and saw 3 of its levels.

You collected 123 gold pieces.


Innate Abilities, Weirdness & Mutations

You have a pair of horns on your head.
You reflexively headbutt those who attack you in melee.


   Skills:
 - Level 3.0 Fighting
 - Level 5.7 Ranged Weapons
 + Level 0.6 Armour
 - Level 2.1 Dodging
 - Level 0.7 Stealth


You had 2 spell levels left.
You didn't know any spells.
Your spell library was empty.

Inventory:

Hand Weapons
 Y - a +0 shortbow (weapon)
Armour
 b - a +0 ring mail (worn)
 d - a +0 pair of gloves of hurling (worn)
Scrolls
 a - a scroll of teleportation
 c - 3 scrolls of noise {unknown}
Potions
 e - a potion of enlightenment {unknown}
 f - a potion of cancellation {unknown}

Dungeon Overview and Level Annotations

Branches:
Dungeon (3/15)

Altars:


Message History

You shoot an arrow. The arrow hits the quokka.
You kill the quokka!
You see here a quokka corpse.
f - a ruby potion An orc comes into view.
It is wielding a +0 hand axe.
The orc shouts!
An orc comes into view.
It is wielding a +2 hand axe of freezing.
You shoot an arrow. The arrow barely misses the orc.
You hear a shout!
You shoot an arrow. The arrow closely misses the orc.
An orc comes into view. It is wielding a +0 hand axe.
The orc hits you with a +2 hand axe of freezing.
The orc freezes you.
You shoot an arrow. The arrow barely misses the orc.
The orc shouts!
The arrow hits the orc but does no damage.
You shoot an arrow. The arrow barely misses the orc.
The orc hits you with a +0 hand axe.
You shoot an arrow. The arrow hits the orc.
The orc is lightly wounded.
The orc hits you with a +0 hand axe.
You shoot an arrow. The arrow hits the orc.
The orc is almost dead.
The orc barely misses you. The orc hits you but does no damage.
The orc hits you with a +0 hand axe.
The orc hits you with a +2 hand axe of freezing.
The orc freezes you. The orc hits you with a +0 hand axe. x2
1140 ||| READING 2 scrolls of teleportation.
As you read the scroll of teleportation, it crumbles to dust.
You feel strangely unstable. The orc hits you but does no damage.
The orc barely misses you. x2
You shoot an arrow. The arrow hits the orc.
You kill the orc!
The orc closely misses you. The orc hits you but does no damage.
You shoot an arrow. The arrow barely misses the orc.
The orc barely misses you. The orc completely misses you.
You shoot an arrow. The arrow hits the orc.
The orc is lightly wounded.
The orc hits you with a +2 hand axe of freezing.
You die...

#..###.#.....### ..
##............... ...
#................ ....
#............... #.
...##.............# #.#
................. #..#
##.#.##....)o####..
##..##..........@o.....#
............######..####
..#..##...#....... ....
#........######### ....
##......## #### ...
#...%#####... ##
#..........#
##........%.#
.........<..#


You could see 2 orcs.

Vanquished Creatures
  2 adders (D:2)
  A dart slug (D:1)
  An orc (D:3)
  3 bats
  3 endoplasms
  2 giant cockroaches (D:1)
  3 hobgoblins
  4 jackals (D:1)
  3 kobolds
  4 quokkas
  3 ball pythons
  4 goblins
  A rat (D:1)
34 creatures vanquished.

Notes
Turn   | Place    | Note
-------+----------+-------------------------------------------
     0 | D:1      | qw the Minotaur Hunter began the quest for the Orb.
     0 | D:1      | Reached XP level 1. HP: 18/18 MP: 0/0
     0 | D:1      | 0 ||| qw: Version: 0.2-a-122-gbc61b45
     0 | D:1      | 0 ||| qw: Game counter: 3611
     0 | D:1      | 0 ||| qw: Always use a shield: true
     0 | D:1      | 0 ||| qw: God list: Okawaru
     0 | D:1      | 0 ||| qw: Allow faded altars: false
     0 | D:1      | 0 ||| qw: Do Orc after D:15 true
     0 | D:1      | 0 ||| qw: Do second Lair branch before Depths: true
     0 | D:1      | 0 ||| qw: Lair rune preference: random
     0 | D:1      | 0 ||| qw: Plans: Normal
     0 | D:1      | 0 ||| PLANNING D:1-11
    41 | D:1      | Reached XP level 2. HP: 25/25 MP: 1/1
    44 | D:1      | Reached skill level 5 in Ranged Weapons
   156 | D:1      | Reached skill level 3 in Fighting
   266 | D:1      | Found a faded altar of an unknown god.
   475 | D:1      | 475 ||| DROPPING ring of magical power.
   476 | D:1      | 476 ||| READING 3 scrolls labelled RONOAP ELABRURGHU.
   479 | D:1      | 479 ||| READING scroll labelled EXEVOA JUOLO.
   479 | D:1      | Identified a scroll of acquirement
   479 | D:1      | 479 ||| ACQUIRING +0 pair of gloves of hurling
   479 | D:1      | Acquired a +0 pair of gloves of hurling
   481 | D:1      | 481 ||| UPGRADING to +0 pair of gloves of hurling.
   486 | D:1      | 486 ||| READING scroll labelled DACUNU ULERIU.
   487 | D:1      | 487 ||| DRINKING 2 amethyst potions.
   488 | D:1      | 488 ||| DROPPING scroll of butterflies.
   489 | D:1      | 489 ||| DROPPING potion of brilliance.
   543 | D:2      | Reached XP level 3. HP: 27/31 MP: 2/2
   582 | D:2      | Identified the +0 mace of Corporal Punishment {drain, rPois
                  | rC- Str+5}
  1085 | D:2      | 1085 ||| UPGRADING to +0 ring mail.
  1095 | D:2      | 1095 ||| DROPPING +0 leather armour.
  1096 | D:2      | 1096 ||| READING scroll labelled PEFYQI YXAWNEM.
  1139 | D:3      | HP: 6/31 [orc/+0 hand axe (3)]
  1139 | D:3      | HP: 1/31 [orc/+0 hand axe (5)]
  1140 | D:3      | 1140 ||| READING 2 scrolls of teleportation.
  1143 | D:3      | Slain by an orc

Levels and vault maps discovered:
D:1:      roderic_chinese_lattice_arrival, layout_basic,
          hellmonk_ecumenical_altar_heavens_door
D:2:      layout_basic
D:3:      layout_rooms, hellmonk_ghost_happy_afterlife, minmay_close_crescents,
          uniq_natasha, uniq_robin

Skill      XL: |  1  2 |
---------------+-------+-----
Ranged Weapons | 5 |  5.7
Fighting       | 3 |  3.0
Armour         | |  0.6
Dodging        | |  2.1
Stealth        | |  0.7

Action                     || total
---------------------------++-------
   Fire: Shortbow          ||    91
    Use: Scroll            ||     5
         Potion            ||     1
 Armour: Leather armour    ||     9
         Ring mail         ||     5
  Dodge: Dodged            ||    33

Table legend:
 A = Non-vault XP
 B = Vault XP
 C = Vault XP percentage of total XP
 D = Non-vault monster count
 E = Vault monster count
 F = Vault count percentage of total count
                 A         B        C        D         E       F
            +---------+---------+-------+---------+---------+-------
      Total |      88 |       0 |   0.0 |      34 |       0 |   0.0
            +---------+---------+-------+---------+---------+-------
        D:1 |      39 |       0 |   0.0 |      20 |       0 |   0.0
        D:2 |      42 |       0 |   0.0 |      11 |       0 |   0.0
        D:3 |       7 |       0 |   0.0 |       3 |       0 |   0.0
            +---------+---------+-------+---------+---------+-------
